 Dungeon Crawl Stone Soup version 0.21-a0-258-g4c0eb85 (console) character file.

26 bli the Insei (level 2, -4/21 HPs)
             Began as a Demonspawn Transmuter on Sept 6, 2017.
             Slain by Terence
             ... wielding a +0 short sword
              (6 damage)
             ... on level 2 of the Dungeon.
             The game lasted 00:02:51 (1121 turns).

bli the Insei (Demonspawn Transmuter)               Turns: 1121, Time: 00:02:52

Health: -4/21      AC:  2    Str: 10    XL:     2   Next: 89%
Magic:  4/5        EV: 12    Int: 14    God:
Gold:   57         SH:  0    Dex: 13    Spells: 4/5 levels left

rFire    . . .     SeeInvis .     - Unarmed
rCold    . . .     Gourm    .   (no shield)
rNeg     . . .     Faith    .   b - +0 robe
rPois    .         Spirit   .   (no helmet)
rElec    .         Reflect  .   (no cloak)
rCorr    .         Harm     .   (no gloves)
MR       .....                  (no boots)
Stlth    ..........             (no amulet)
HPRegen  0.07/turn              k - ring of loudness (curse)
MPRegen  0.09/turn              (no ring)

@: appendage (expiring)
A: horns 2, powered by pain 1
a: End Transformation


You were on level 2 of the Dungeon.
You were not hungry.
You had grown temporary horns.
You visited 1 branch of the dungeon, and saw 2 of its levels.

You collected 57 gold pieces.

Inventory:

Missiles
 a - 24 arrows
Armour
 b - a +0 robe (worn)
 g - a +0 leather armour
Jewellery
 k - a cursed ring of loudness (left hand)
Scrolls
 e - 3 scrolls of identify {unknown}
 h - a scroll of immolation {unknown}
 i - a scroll of amnesia {unknown}
 o - a scroll of fear {unknown}
Potions
 f - a potion of heal wounds {unknown}
 j - 2 potions of might {unknown}
 l - a potion of ambrosia {unknown}
Books
 c - a book of Changes

   Spells                             Type                      Level
   a - Beastly Appendage              Transmutation                1
   b - Sticks to Snakes               Transmutation                2
   c - Spider Form                    Transmutation/Poison         3
   d - Ice Form                       Ice/Transmutation            4
   e - Blade Hands                    Transmutation                5
Comestibles
 d - a bread ration
 m - a meat ration
 n - 3 chunks of flesh


   Skills:
 * Level 1.3 Fighting
 * Level 2.1 Dodging
 * Level 3.3 Unarmed Combat
 + Level 2.1 Spellcasting
 + Level 1.8 Transmutations


You had 4 spell levels left.
You knew the following spells:

 Your Spells              Type           Power        Failure   Level  Hunger
a - Beastly Appendage     Tmut           #.....       11%         1    ##.....


Dungeon Overview and Level Annotations

Branches:
Dungeon (2/15)

Altars:

Annotations:
D:2 Terence


Innate Abilities, Weirdness & Mutations

You sometimes gain a little power by taking damage.
You have a pair of horns on your head.


Message History

Casting: Beastly Appendage
Confirm with . or Enter, or press ? or * to list all spells.
You grow a pair of large bovine horns.
Terence barely misses you.
You barely miss Terence.
Terence shouts, "Get ready for death!"
Terence hits you with a short sword.
You barely miss Terence.
Your transformation is almost over.
Terence hits you with a short sword.
You hit Terence but do no damage. Terence hits you with a short sword.
You hit Terence.
Terence is lightly wounded.
Terence barely misses you.
You closely miss Terence. Terence closely misses you.
You hit Terence but do no damage. Terence hits you with a short sword.
* * * LOW HITPOINT WARNING * * *
You hit Terence.
Terence is lightly wounded.
Terence hits you with a short sword.
You die...

#########
......@.# #@# #.#
####
#######.###....
##............#
..............#
##.#####.##...#
#.##...#
#.##...#####
#...........
.########...#####
............####
..#


You could see Terence.

Vanquished Creatures
  A dart slug (D:1)
  A ball python (D:1)
  2 bats
  A goblin (D:1)
  3 hobgoblins
  8 jackals
  A frilled lizard (D:2)
  3 rats (D:1)
20 creatures vanquished.

Notes
Turn   | Place    | Note
-------+----------+-------------------------------------------
     0 | D:1      | bli the Demonspawn Transmuter began the quest for the Orb.
     0 | D:1      | Reached XP level 1. HP: 15/15 MP: 3/3
   114 | D:1      | Reached skill level 3 in Unarmed Combat
   396 | D:1      | Gained mutation: You sometimes gain a little power by taking damage. [demonic ancestry]
   396 | D:1      | Reached XP level 2. HP: 21/21 MP: 3/5
  1113 | D:2      | Noticed Terence
  1121 | D:2      | Slain by Terence

Vault maps used:
D:1:      minmay_arrival_radiant_lines
D:2:      first_bread, uniq_natasha, uniq_terence

Skill      XL: |  1  2 |
---------------+-------+-----
Unarmed Combat | 3 |  3.3
Dodging        | 2 |  2.1
Fighting       | |  1.3
Spellcasting   | |  2.1
Transmutations | |  1.8

Action                   || total
-------------------------++-------
Melee: Unarmed           ||    71
       Headbutt          ||     1
       Kick              ||     6
 Cast: Beastly Appendage ||     9
 Stab: Sleeping          ||     1
  Eat: Chunk             ||     1
Armor: Robe              ||     9
Dodge: Dodged            ||    38

Table legend:
 A = Spawn XP
 B = Non-spawn XP
 C = Spawn XP percentage of total XP
 D = Spawn monster count
 E = Non-spawn monster count
 F = Spawn count percentage of total count
 G = Total turns spent on level
                    A         B        C        D         E        F      G
               +---------+---------+-------+---------+---------+-------+---------
         Total |       0 |      38 |   0.0 |       0 |      20 |   0.0 |  1121
               +---------+---------+-------+---------+---------+-------+---------
           D:1 |       0 |      23 |   0.0 |       0 |      12 |   0.0 |   977
           D:2 |       0 |      15 |   0.0 |       0 |       8 |   0.0 |   144
               +---------+---------+-------+---------+---------+-------+---------
